 Dungeon Crawl Stone Soup version 0.31-a0-1172-g9944ec47dd (webtiles) character file.

Game seed: 11139212221330537657

662 qw the Shooter (level 7, 0/44 HPs)
             Began as a Gargoyle Hunter on Dec 10, 2023.
             Slain by an orc wizard
             ... wielding a +0 dagger
              (4 damage)
             ... on level 4 of the Dungeon.
             The game lasted 00:01:09 (2853 turns).

qw the Shooter (Gargoyle Hunter)                    Turns: 2853, Time: 00:01:10

Health: 0/44       AC: 11    Str: 15    XL:     7   Next: 56%
Magic:  7/7        EV: 11    Int:  9    God:
Gold:   176        SH:  0    Dex: 15    Spells: 6/6 levels left

rFire   . . .        a - +0 shortbow
rCold   . . .        (shield currently unavailable)
rNeg    + . .        b - +0 ring mail
rPois   inf          f - +0 helmet
rElec   +            (no cloak)
rCorr   .            (no gloves)
SInv    .            (no boots)
Will    .....        (no amulet)
Stlth   +            (no ring)
HPRegen 0.27/turn    (no ring)
MPRegen 0.10/turn

%: no passive effects
@: no status effects
A: sickness immunity, AC +4, negative energy resistance 1, electricity
resistance, torment resistance 1, petrification resistance
a: no special abilities


You were on level 4 of the Dungeon.
You visited 1 branch of the dungeon, and saw 4 of its levels.

You collected 176 gold pieces.


Innate Abilities, Weirdness & Mutations

You are immune to sickness and miasma.
Your stone body is resilient. (AC +4)
You are immune to poison.
You resist negative energy. (rN+)
You are resistant to electric shocks. (rElec)
You are resistant to unholy torment.
You are immune to petrification.


   Skills:
 - Level 5.2 Fighting
 + Level 7.7 Ranged Weapons
 - Level 1.1 Armour
 - Level 1.5 Dodging
 - Level 1.1 Stealth


You had 6 spell levels left.
You didn't know any spells.
Your spell library was empty.

Inventory:

Hand Weapons
 a - a +0 shortbow (weapon)
Armour
 b - a +0 ring mail (worn)
 f - a +0 helmet (worn)
Scrolls
 c - a scroll of identify
 h - a scroll of teleportation {unknown}
Potions
 d - a potion of mutation
 e - 2 potions of curing

Dungeon Overview and Level Annotations

Branches:
Dungeon (4/15)
 Temple: D:4-7

Altars:
Wu Jian
Xom
The Shining One

Annotations:
D:4 1 runed translucent door, qw's ghost, amateur GrHu


Message History

You shoot an arrow. Something hits you but does no damage.
You shoot an arrow. Something hits you.
You shoot an arrow.
You hear some strange, mumbled words.
A magic dart appears from out of thin air!
The magic dart hits you but does no damage.
You shoot an arrow. Something hits you but does no damage.
You shoot an arrow. Something hits you but does no damage.
You shoot an arrow. Something hits you but does no damage.
You shoot an arrow. Something hits you.
You hear some strange, mumbled words.
You are confused.
You shoot an arrow. Something hits you but does no damage.
You shoot an arrow. Something barely misses you.
You shoot an arrow. Something hits you but does no damage.
You shoot an arrow. Something barely misses you.
You shoot an arrow.
You feel less confused. Something hits you but does no damage.
You shoot an arrow. Something hits you but does no damage.
You shoot an arrow. Something hits you. Something hits you but does no damage.
You shoot an arrow.
You hear some strange, mumbled words.
A magic dart appears from out of thin air!
The magic dart hits you.
You shoot an arrow. Something hits you.
You die...

#####
######....
#.........
.########
#.####.##.
........# #.#
#.#..
####.#####.#
#....
#)@........#
#....
#){#####....##
#..#. #.#)
#.#...# #..#<
#. ..
#.#.#.###..#.
#. ##.
#.#....##....
# #.
#.#....###.#.
#. ..###+##
#.#. #.
####W!.# #.#.
#787###.#.


There were no monsters in sight!

Vanquished Creatures
  Sigmund (D:2)
  A yak (D:4)
  A scorpion (D:4)
  An orc priest (D:4)
  Natasha (twice) (D:2)
  3 orc wizards
  4 gnolls (D:4)
  2 adders
  2 worms
  2 dart slugs
  9 orcs
  4 ball pythons
  9 endoplasms
  11 goblins
  6 hobgoblins
  A quokka (D:2)
  6 bats
  A frilled lizard (D:3)
  9 kobolds
  3 rats
78 creatures vanquished.

Notes
Turn   | Place    | Note
-------+----------+-------------------------------------------
     0 | D:1      | qw the Gargoyle Hunter began the quest for the Orb.
     0 | D:1      | Reached XP level 1. HP: 12/12 MP: 1/1
     0 | D:1      | 0 ||| qw: Version: 0.3-a-106-gc739b70
     0 | D:1      | 0 ||| qw: Game counter: 1947
     0 | D:1      | 0 ||| qw: Melee chars always use a shield: true
     0 | D:1      | 0 ||| qw: God list: Okawaru
     0 | D:1      | 0 ||| qw: Allow faded altars: false
     0 | D:1      | 0 ||| qw: Do Orc after clearing Dungeon:15 true
     0 | D:1      | 0 ||| qw: Do second Lair branch before Depths: true
     0 | D:1      | 0 ||| qw: Lair rune preference: random
     0 | D:1      | 0 ||| qw: Goals: Normal, Save, Zot:1-4, Win
     0 | D:1      | 0 ||| PLANNING D:1-11
   172 | D:1      | Found a faded altar of an unknown god.
   229 | D:1      | Reached XP level 2. HP: 13/17 MP: 2/2
  1066 | D:1      | 1066 ||| UPGRADING to +0 helmet.
  1071 | D:1      | 1071 ||| DROPPING ring of flight.
  1072 | D:1      | 1072 ||| READING 2 scrolls labelled HEON ED JUSCHUJ.
  1072 | D:1      | 1072 ||| IDENTIFYING bubbling puce potion
  1073 | D:1      | 1073 ||| READING scroll of identify.
  1073 | D:1      | 1073 ||| IDENTIFYING 2 smoky amethyst potions
  1074 | D:1      | 1074 ||| DROPPING scroll of butterflies.
  1075 | D:1      | 1075 ||| DROPPING potion of degeneration.
  1188 | D:2      | Reached XP level 3. HP: 21/21 MP: 3/3
  1213 | D:2      | Noticed Sigmund
  1218 | D:2      | 1218 ||| FLEEEEING.
  1219 | D:2      | 1219 ||| FLEEEEING.
  1230 | D:2      | Killed Sigmund
  1231 | D:2      | Reached skill level 6 in Ranged Weapons
  1231 | D:2      | Reached XP level 4. HP: 24/26 MP: 4/4
  1231 | D:2      | Reached XP level 5. HP: 27/30 MP: 5/5
  1231 | D:2      | 1231 ||| FLEEEEING.
  1232 | D:2      | 1232 ||| FLEEEEING.
  1395 | D:2      | Noticed Natasha
  1400 | D:2      | Killed Natasha
  1401 | D:2      | Reached skill level 3 in Fighting
  1401 | D:2      | Reached XP level 6. HP: 37/37 MP: 6/6
  1438 | D:2      | Noticed Natasha
  1446 | D:2      | Killed Natasha
  1447 | D:2      | Reached skill level 1 in Armour
  1958 | D:2      | 1958 ||| UPGRADING to +0 ring mail.
  1968 | D:2      | 1968 ||| DROPPING +0 leather armour.
  1969 | D:2      | 1969 ||| READING scroll labelled JAP AWNAUTAU.
  1970 | D:2      | 1970 ||| READING scroll labelled YLENOPN EWYRGH.
  1971 | D:2      | 1971 ||| READING scroll labelled NUFUME ATURETU.
  1972 | D:2      | 1972 ||| DRINKING 3 coppery potions.
  2021 | D:3      | 2021 ||| STAIRDANCE
  2039 | D:3      | 2039 ||| STAIRDANCE
  2105 | D:3      | Found a shimmering altar of Xom.
  2253 | D:3      | Found a glowing golden altar of the Shining One.
  2443 | D:3      | Found an ornate altar of the Wu Jian Council.
  2497 | D:3      | 2497 ||| READING 2 scrolls of identify.
  2497 | D:3      | 2497 ||| IDENTIFYING fuming amethyst potion
  2526 | D:4      | Noticed a yak
  2528 | D:4      | 2528 ||| Stepping ~*~*~tactically~*~*~ (retreating).
  2539 | D:4      | Killed a yak
  2540 | D:4      | Reached XP level 7. HP: 20/44 MP: 7/7
  2547 | D:4      | Reached skill level 7 in Ranged Weapons
  2767 | D:4      | Found a runed translucent door.
  2768 | D:4      | Noticed qw's ghost (amateur GrHu)
  2803 | D:4      | HP: 11/44 [gnoll/+0 halberd (4)]
  2804 | D:4      | 2804 ||| DRINKING 2 potions of heal wounds.
  2806 | D:4      | 2806 ||| DRINKING potion of heal wounds.
  2831 | D:4      | HP: 8/44 [orc wizard/puff of flame (9)]
  2839 | D:4      | HP: 10/44 [something (1)]
  2844 | D:4      | HP: 10/44 [something (1)]
  2851 | D:4      | HP: 9/44 [something (3)]
  2852 | D:4      | HP: 3/44 [something/magic dart (6)]
  2853 | D:4      | Slain by an orc wizard

Levels and vault maps discovered:
D:1:      nzn_arrival_depleted_hourglass, layout_basic,
          ebering_ecumenical_altar_box
D:2:      kennysheep_the_goblin_king, layout_loops_ring, uniq_natasha,
          uniq_sigmund
D:3:      layout_rooms, xom_butterflies, general_overflow_altar,
          nicolae_wu_jian_glorious_leap
D:4:      layout_loops_ring, gammafunk_ghost_grave, hex_tiny,
          minmay_stone_trees_small, minmay_manual_mess

Skill      XL: |  1  2  3  4  5  6  7 |
---------------+----------------------+-----
Ranged Weapons | 6 7 |  7.7
Fighting       | 3 5 |  5.2
Armour         | 1 |  1.1
Dodging        | |  1.5
Stealth        | |  1.1

Action                     |  1- 3 |  4- 6 |  7- 9 || total
---------------------------+-------+-------+-------++-------
   Fire: Shortbow          |    65 |   140 |    91 ||   296
    Use: Scroll            |     2 |     4 |       ||     6
         Potion            |       |     1 |     2 ||     3
 Armour: Leather armour    |    10 |    30 |       ||    40
         Ring mail         |       |    46 |    86 ||   132
  Dodge: Dodged            |    10 |    50 |    46 ||   106

Table legend:
 A = Non-vault XP
 B = Vault XP
 C = Vault XP percentage of total XP
 D = Non-vault monster count
 E = Vault monster count
 F = Vault count percentage of total count
                 A         B        C        D         E       F
            +---------+---------+-------+---------+---------+-------
      Total |     337 |     610 |  64.4 |      66 |      12 |  15.4
            +---------+---------+-------+---------+---------+-------
        D:1 |      33 |       0 |   0.0 |      19 |       0 |   0.0
        D:2 |      77 |     287 |  78.8 |      16 |       9 |  36.0
        D:3 |      66 |       0 |   0.0 |      15 |       0 |   0.0
        D:4 |     161 |     323 |  66.7 |      16 |       3 |  15.8
            +---------+---------+-------+---------+---------+-------
